 Dungeon Crawl Stone Soup version 0.29-a0-322-g68df515428 (webtiles) character file.

Game seed: 17341292535380222430

126071 hellse the Brawler (level 16, -8/93 HPs)
             Began as a Vine Stalker Delver on Apr 4, 2022.
             Was the Champion of Zin.
             Mangled by a ghost moth (13 damage)
             ... on level 2 of the Spider Nest on Apr 5, 2022.
             The game lasted 00:52:59 (25436 turns).

hellse the Brawler (Vine Stalker Delver)           Turns: 25436, Time: 00:53:00

Health: -8/93      AC: 12    Str: 23      XL:     16   Next: 97%
Magic:  0/25       EV: 13    Int: 10      God:    Zin [******]
Gold:   1317       SH: 14    Dex: 15 (16) Spells: 15/15 levels left

rFire   . . .      SeeInvis .     - Unarmed
rCold   . . .      Faith    .   G - +3 warlock's mirror {reflect}
rNeg    . . .      Spirit   +   A - +1 robe of Vines {NoPotionHeal Regen++++}
rPois   +          Reflect  +   s - +2 helmet
rElec   .          Harm     .   W - +2 cloak
rCorr   .          Rampage  .   Y - +0 pair of gloves
Will    ++...                   l - +0 pair of boots
Stlth   +++.......              r - amulet of reflection
HPRegen 4.25/turn               D - +4 ring of slaying
MPRegen 0.19/turn               h - ring of poison resistance

@: about to teleport
A: fangs 3, regeneration 1, magic shield, antimagic bite, no potion heal 2
a: Renounce Religion, Recite, Vitalisation, Imprison, Sanctuary, Donate Gold


You were on level 2 of the Spider Nest.
You worshipped Zin.
Zin was exalted by your worship.
You visited 5 branches of the dungeon, and saw 26 of its levels.

You collected 2606 gold pieces.
You spent 1114 gold pieces at shops.
You donated 175 gold pieces to Zin.

Inventory:

Missiles
 X - a throwing net
 Z - 6 javelins (quivered)
Armour
 l - a +0 pair of boots (worn)
 s - a +2 helmet (worn)
 u - a +2 ring mail of cold resistance
 w - a scarf of invisibility
 z - a +4 chain mail of fire resistance
 A - the +1 robe of Vines (worn) {NoPotionHeal Regen++++}
   (You found it on level 3 of the Lair of Beasts)

   Its wearer cannot be healed by potions.
   Regen:     It increases your rate of health regeneration.
 G - the +3 warlock's mirror (worn) {reflect}
   (You bought it in a shop on level 2 of the Orcish Mines)

   It can block and reflect piercing ranged attacks and magical attacks against
   the wielder's willpower.
 P - a +2 chain mail of willpower
 W - a +2 cloak (worn)
 Y - a +0 pair of gloves (worn)
Jewellery
 c - a ring of flight
 h - a ring of poison resistance (right hand)
 k - a ring of protection from cold
 m - a +4 ring of protection
 p - a ring of resist corrosion
 r - an amulet of reflection (around neck)
 v - a ring of positive energy
 D - a +4 ring of slaying (left hand)
 I - a ring of fire
 Q - a +6 ring of dexterity
Wands
 a - a wand of iceblast (14)
 f - a wand of digging (12)
 J - a wand of flame (44)
 L - a wand of mindburst (9)
 N - a wand of paralysis (4)
 R - a wand of acid (9)
Scrolls
 b - 2 scrolls of fog
 i - 4 scrolls of amnesia
 n - 3 scrolls of silence
 o - 2 scrolls of holy word
 q - 2 scrolls of blinking
 x - 2 scrolls of summoning
 y - 5 scrolls of enchant weapon
 C - 4 scrolls of enchant armour
 E - 4 scrolls of magic mapping
 F - 9 scrolls of teleportation
 H - a scroll of brand weapon
 O - a scroll of fear
 S - 7 scrolls of identify
Potions
 d - 6 potions of flight
 e - 2 potions of haste
 g - 7 potions of might
 j - 7 potions of curing
 B - 3 potions of invisibility
 K - 2 potions of magic
 M - 4 potions of attraction
 U - 2 potions of cancellation
 V - 4 potions of mutation
Miscellaneous
 t - a phantom mirror
 T - a phial of floods


   Skills:
 - Level 14.6 Fighting
 - Level 8.6 Throwing
 + Level 6.7 Armour
 - Level 4.0 Dodging
 - Level 6.0 Stealth
 - Level 7.2 Shields
 - Level 18.2 Unarmed Combat
 - Level 11.0 Invocations


You had 15 spell levels left.
You didn't know any spells.
Your spell library contained the following spells:

 Spells                   Type           Power      Damage    Failure   Level
 Freeze                   Ice            0%         1d3       43%         1
 Sublimation of Blood     Necr           0%         N/A       56%         2
 Confusing Touch          Hex            0%         N/A       80%         3
 Conjure Flame            Conj/Fire      0%         6-21      80%         3
 Frozen Ramparts          Ice            0%         1d2       80%         3
 Ignite Poison            Fire/Tmut/Pois 0%         N/A       80%         3
 Ozocubu's Armour         Ice            0%         N/A       80%         3
 Airstrike                Air            0%         N/A       99%         4
 Animate Armour           Summ/Erth      0%         N/A       99%         4
 Hailstorm                Conj/Ice       0%         3d3       99%         4
 Leda's Liquefaction      Hex/Erth       0%         N/A       99%         4
 Petrify                  Tmut/Erth      0%         N/A       99%         4
 Sticky Flame             Conj/Fire      0%         2d3       99%         4
 Summon Lightning Spire   Summ/Air       0%         N/A       99%         4
 Blade Hands              Tmut           0%         N/A       100%        5
 Irradiate                Conj/Tmut      0%         3d13      100%        5
 Lee's Rapid Deconstruct  Erth           0%         3d5*      100%        5
 Lightning Bolt           Conj/Air       0%         1d11      100%        5
 Yara's Violent Unravell  Hex/Tmut       0%         3d3       100%        5
 Iron Shot                Conj/Erth      0%         9d1       100%        6
 Statue Form              Tmut/Erth      0%         N/A       100%        6
 Enfeeble                 Hex            0%         N/A       100%        7
 Ozocubu's Refrigeration  Ice            0%         4d5       100%        7


Dungeon Overview and Level Annotations

Branches:
Dungeon (15/15)            Temple (1/1) D:5            Lair (6/6) D:11
 Shoals (0/4) Lair:2       Spider (2/4) Lair:2        Slime (0/5) Lair:6
    Orc (2/2) D:12            Elf (0/3) Orc:2        Vaults (0/5) D:14
 Depths (0/4) D:15

Altars:
Ashenzari
Cheibriados
Dithmenos
Elyvilon
Fedhas
Gozag
Hepliaklqana
Kikubaaqudgha
Makhleb
Nemelex Xobeh
Okawaru
Qazlal
Ru
Sif Muna
Trog
Uskayaw
Vehumet
Wu Jian
Xom
Yredelemnul
Zin
The Shining One
Beogh

Shops:
D:2 *   D:3 :   D:5 *   D:13 *   D:14 *   Orc:2 [([?

Portals:
Trove: D:10 (give +5 demon whip)

Annotations:
Spider:2 Arachne, Nikola


Innate Abilities, Weirdness & Mutations

You have razor-sharp teeth.
Your natural rate of healing is unusually fast.
When hurt, damage is shared between your health and your magic reserves.
Your bite disrupts and absorbs the magic of your enemies.
Potions cannot restore your health.


Message History

The wolf spider attacks as you move away!
The wolf spider hits you but does no damage.
You block the wolf spider's attack.
You feel you are being watched by something.
The wolf spider attacks as you move away!
The wolf spider hits you but does no damage.
You block the wolf spider's attack.
You feel you are being watched by something.
The wolf spider hits you!
The wolf spider bites you but does no damage.
Arachne the Weaver comes into view.
She is wielding a staff of poison.
As you read the scroll of teleportation, it crumbles to dust.
You feel strangely unstable.
You feel you are being watched by something.
You block the wolf spider's attack. x2
Something hits you but does no damage.
Deactivating autopickup; reactivate with Ctrl-A.
You block something's attack. Something stings you!
You feel clumsy. The wolf spider hits you. You block the wolf spider's attack.
Nikola casts a spell at you. The bolt of lightning hits you!!
Something hits you. Something hits you!
Something stings you but does no damage.
You block something's attack. Something hits you but does no damage.
Something stings you but does no damage.
The wolf spider attacks as you move away!
The wolf spider hits you!
* * * LOW HITPOINT WARNING * * *
The wolf spider bites you but does no damage.
Arachne shouts!
Arachne says, "No one escapes my webs."
The wolf spider hits you!
* * * LOW HITPOINT WARNING * * *
The wolf spider bites you.
* * * LOW HITPOINT WARNING * * *
Unknown command.
Something hits you.
* * * LOW HITPOINT WARNING * * *
Something hits you!
You die...

##.................##
##^...................
#..>.......@.........
##.†..>...........###
##..............##
#.............#.#
#...........^.#.#
##............## .
#####†..@s.......##
##.....†.........##
####......†........##
####...............H....
#.......#####............
......##.## ##########...
...####...## #. ##
#....^#######
#...........##


You could see Arachne, Nikola and a wolf spider.

Vanquished Creatures
  Rupert (Lair:3)
  Mlioglotl (Spider:1)
  Frances (Spider:1)
  Roxanne (D:14)
  An emperor scorpion (Spider:1)
  2 orc warlords (Orc:2)
  The ghost of enile the Prestidigitator, a journeyman KoWn of Wu Jian (Lair:6)
  A broodmother (Spider:1)
  The ghost of Ziry the Frost Mage, a journeyman DgIE (Lair:5)
  4 dire elephants (Lair:6)
  An entropy weaver (Spider:1)
  Snorg (Lair:6)
  The ghost of Hazorath the Brawler, a journeyman TrBe of Trog (D:10)
  4 vault guards (D:14)
  14 hydras
  2 boulder beetles
  A rakshasa (D:13)
  6 two-headed ogres
  5 centaur warriors
  4 catoblepae
  A tengu warrior (D:15)
  3 death yaks
  A dancing weapon (Lair:5)
  2 orc high priests (Orc:2)
  Sonja (D:10)
  Nergalle (Lair:3)
  A spectral death yak (Lair:6)
  2 pharaoh ants (Spider:1)
  A sun moth (Spider:1)
  A spectral anaconda (Lair:6)
  6 orb spiders
  A steelbarb worm (Spider:1)
  An orc knight (Orc:2)
  2 wizards
  Pikel (D:7)
  5 necromancers
  An obsidian statue (Lair:6)
  5 ugly things
  2 oklob plants (Lair:4)
  6 wolf spiders
  2 deep elf pyromancers
  4 orc sorcerers
  24 elephants
  5 manticores
  2 centaur zombies (D:15)
  9 cyclopes
  9 black mambas
  A dire elephant zombie (Lair:6)
  2 merfolk sirens (Lair:2)
  2 naga magi (D:15)
  Joseph (D:7)
  A dire elephant skeleton (Lair:6)
  19 cane toads
  A gargoyle (D:12)
  A torpor snail (Lair:5)
  4 rime drakes
  2 centaur skeletons (D:15)
  7 komodo dragons
  3 tengu conjurers (D:15)
  2 guardian mummies (D:10)
  3 meliai (D:14)
  6 trolls
  5 tarantellas
  2 merfolk (Lair:2)
  2 polar bears (Lair:2)
  20 blink frogs
  3 dream sheep (Lair:5)
  A slime creature (Lair:6)
  16 jumping spiders
  3 shadows
  3 culicivoras (Spider:1)
  A vampire (D:10)
  5 wraiths
  7 wyverns
  39 yaks
  3 basilisks
  19 redbacks
  3 vampire mosquitoes
  A death yak simulacrum (Lair:6)
  Menkaure (D:6)
  5 wargs
  4 acid dragons
  22 water moccasins
  A sky beast (D:6)
  An elephant zombie (Lair:6)
  2 ice beasts
  5 black bears
  19 wolves
  33 orc warriors
  A boggart (D:14)
  3 centaurs
  8 ogres
  A centaur (shapeshifter) (D:14)
  3 phantoms
  3 kobold brigands
  A lemure (D:7)
  Blork the orc (D:6)
  23 bullfrogs
  A necrophage (D:6)
  2 gnoll sergeants
  3 scorpions (D:5)
  2 cane toad simulacra (Lair:6)
  20 killer bees
  4 howler monkeys
  5 jellies
  5 hounds
  28 orc priests
  Terence (D:2)
  6 iguanas
  21 orc wizards
  5 hell rats (Lair:3)
  Robin (D:2)
  8 gnolls
  9 adders
  A shadow imp (D:7)
  3 white imps
  An ufetubus (D:4)
  A worm (D:5)
  3 dart slugs
  78 orcs
  4 ball pythons
  6 endoplasms
  3 giant cockroaches
  13 goblins
  13 hobgoblins
  2 jackals (D:2)
  3 quokkas
  4 bats
  3 frilled lizards
  11 kobolds
  6 rats
  2 bushes (Lair:4)
755 creatures vanquished.

Vanquished Creatures (others)
  Nessos (D:12)
  An orc (Orc:2)
  3 bushes (Lair:6)
  27 fungi
  43 plants
  32 withered plants (Lair:6)
107 creatures vanquished.

Grand Total: 862 creatures vanquished

Notes
Turn   | Place    | Note
-------+----------+-------------------------------------------
     0 | D:5      | hellse the Vine Stalker Delver began the quest for the Orb.
     0 | D:5      | Reached XP level 1. HP: 11/11 MP: 2/2
     3 | D:5      | Found a staircase to the Ecumenical Temple.
    12 | Temple   | Entered the Ecumenical Temple
    96 | Temple   | Became a worshipper of Zin the Law-Giver
   274 | D:3      | Found Maycygg's Book Emporium.
   527 | D:3      | Noticed an iguana
   628 | D:1      | Found a faded altar of an unknown god.
   636 | D:1      | Reached XP level 2. HP: 8/16 MP: 3/3
   904 | D:1      | Reached skill level 3 in Unarmed Combat
  1107 | D:1      | Reached * piety under Zin
  1147 | D:1      | Reached XP level 3. HP: 12/19 MP: 4/4
  1781 | D:2      | Noticed Terence
  1797 | D:2      | Killed Terence
  1798 | D:2      | Reached skill level 4 in Unarmed Combat
  1798 | D:2      | Gained mutation: Your natural rate of healing is unusually
                  | fast. [Vine Stalker growth]
  1798 | D:2      | Reached XP level 4. HP: 14/23 MP: 5/5
  2000 | D:2      | Noticed Robin
  2028 | D:2      | Killed Robin
  2029 | D:2      | Reached skill level 5 in Unarmed Combat
  2029 | D:2      | Reached XP level 5. HP: 26/27 MP: 6/6
  2099 | D:2      | Reached ** piety under Zin
  2245 | D:2      | Found Ethiaw's Assorted Antiques.
  3368 | D:4      | Reached XP level 6. HP: 33/33 MP: 7/7
  3682 | D:5      | Noticed a black bear
  3709 | D:4      | Reached skill level 5 in Fighting
  3732 | D:4      | Killed a black bear
  3733 | D:4      | Reached XP level 7. HP: 27/39 MP: 8/8
  3988 | D:5      | Reached skill level 1 in Invocations
  3998 | D:5      | Found Methroch's Assorted Antiques.
  4058 | D:5      | Gained mutation: You have razor-sharp teeth. [Vine Stalker
                  | growth]
  4058 | D:5      | Reached XP level 8. HP: 45/45 MP: 11/11
  4073 | D:5      | Reached *** piety under Zin
  4266 | D:5      | Reached **** piety under Zin
  4547 | D:6      | Reached skill level 5 in Invocations
  4769 | D:6      | Noticed Blork the orc
  4780 | D:6      | Killed Blork the orc
  4885 | D:6      | Reached skill level 6 in Unarmed Combat
  5102 | D:5      | Bought a scroll labelled WICOSTRUEMYDD for 26 gold pieces
  5193 | D:2      | Bought a scroll labelled FYSOTZ UKYOGUA for 29 gold pieces
  5193 | D:2      | Bought a scroll labelled YTEMITH FOUMP for 29 gold pieces
  5193 | D:2      | Bought a scroll labelled FYSOTZ UKYOGUA for 29 gold pieces
  5407 | D:7      | Noticed Pikel
  5457 | D:7      | Killed Pikel
  5458 | D:7      | Reached skill level 8 in Unarmed Combat
  5458 | D:7      | Reached XP level 9. HP: 45/49 MP: 14/14
  5512 | D:7      | Reached ***** piety under Zin
  5544 | D:7      | Reached skill level 1 in Armour
  5694 | D:7      | Noticed Joseph
  5884 | D:7      | Noticed Menkaure
  5911 | D:6      | Killed Menkaure
  6021 | D:7      | Killed Joseph
  6302 | D:8      | Reached XP level 10. HP: 45/53 MP: 15/15
  6595 | D:8      | Identified the +4 hand axe "Xyfouble" {vamp, rN+ Str+6}
  6828 | D:5      | Bought a black potion for 23 gold pieces
  6828 | D:5      | Bought a white potion for 23 gold pieces
  6828 | D:5      | Bought a yellow potion for 23 gold pieces
  6919 | D:2      | Bought a fuming purple potion for 26 gold pieces
  6919 | D:2      | Bought a sedimented brown potion for 26 gold pieces
  7236 | D:9      | Found an ancient bone altar of Kikubaaqudgha.
  7723 | D:9      | Noticed a four-headed hydra
  8022 | D:9      | Killed a four-headed hydra
  8067 | D:10     | Entered Level 10 of the Dungeon
  8067 | D:10     | Noticed Sonja
  8411 | D:10     | Found a runed translucent gate.
  8411 | D:10     | Found a runed translucent gate.
  8412 | D:10     | Found a runed translucent gate.
  8412 | D:10     | Noticed a manticore
  8413 | D:10     | Noticed a two-headed ogre
  8413 | D:10     | Noticed Hazorath's ghost (journeyman TrBe)
  8414 | D:10     | Noticed a two-headed ogre
  8414 | D:10     | Noticed a cyclops
  8437 | D:10     | Reached skill level 1 in Shields
  8485 | D:10     | Found a portal to a secret trove of treasure.
  8578 | D:10     | Reached ****** piety under Zin
  8606 | D:10     | Killed Sonja
  8607 | D:10     | Reached skill level 5 in Shields
  8653 | D:10     | Reached XP level 11. HP: 60/60 MP: 16/16
  8906 | D:10     | Noticed a two-headed ogre
  8928 | D:10     | Killed a two-headed ogre
  8951 | D:10     | Reached skill level 9 in Unarmed Combat
  9626 | D:11     | Found a staircase to the Lair.
  9725 | D:11     | Noticed a cyclops
  9732 | D:11     | Killed a cyclops
  9733 | D:11     | Reached skill level 10 in Unarmed Combat
  9939 | D:11     | Noticed a cyclops
  9945 | D:11     | Killed a cyclops
 10515 | D:12     | Noticed a cyclops
 10522 | D:12     | Noticed a purple ugly thing
 10528 | D:12     | Killed a cyclops
 10537 | D:12     | HP: 2/60 [orc priest/divine providence (12)]
 10714 | D:12     | Noticed a cyclops
 10721 | D:12     | Noticed a cyclops
 10722 | D:12     | Killed a cyclops
 10804 | Lair:1   | Entered Level 1 of the Lair of Beasts
 10848 | Lair:1   | Reached skill level 5 in Armour
 11038 | Lair:1   | Reached XP level 12. HP: 65/65 MP: 17/17
 11775 | Lair:2   | Noticed a seven-headed hydra
 11791 | Lair:1   | Killed a seven-headed hydra
 12031 | Lair:2   | Reached skill level 10 in Fighting
 12551 | Lair:2   | Reached skill level 11 in Unarmed Combat
 12558 | Lair:2   | Noticed a catoblepas
 12571 | Lair:2   | Killed a catoblepas
 12765 | Lair:2   | Found a staircase to the Shoals.
 12901 | Lair:2   | Reached skill level 12 in Unarmed Combat
 13456 | Lair:2   | Noticed an eight-headed hydra
 13467 | Lair:2   | Reached XP level 13. HP: 71/72 MP: 18/18
 13477 | Lair:2   | Reached skill level 13 in Unarmed Combat
 13579 | Lair:2   | Found a hole to the Spider Nest.
 13918 | Lair:3   | Noticed Nergalle
 13927 | Lair:3   | Killed Nergalle
 13952 | Lair:3   | Reached skill level 14 in Unarmed Combat
 14338 | Lair:3   | Noticed Rupert
 14749 | Lair:3   | Found the +1 robe of Vines {NoPotionHeal Regen++++}
 15049 | Lair:4   | You fall into a shaft and drop 2 floors!
 15049 | Lair:6   | Entered Level 6 of the Lair of Beasts
 15085 | Lair:6   | Noticed Snorg
 15142 | Lair:6   | Killed Snorg
 15197 | Lair:6   | Reached XP level 14. HP: 82/82 MP: 19/19
 15876 | Lair:4   | Found a blossoming altar of Fedhas.
 16615 | Lair:5   | Reached skill level 1 in Throwing
 16761 | Lair:5   | Found a runed translucent door.
 16763 | Lair:5   | Found a shimmering altar of Xom.
 16763 | Lair:5   | Noticed Ziry's ghost (journeyman DgIE)
 17254 | Lair:5   | Reached skill level 5 in Throwing
 17263 | Lair:5   | Killed Ziry's ghost
 17313 | Lair:6   | Found a staircase to the Slime Pits.
 17434 | Lair:6   | Found a runed translucent door.
 17692 | Lair:6   | Noticed a dire elephant
 17692 | Lair:6   | Noticed a dire elephant
 17696 | Lair:6   | Noticed a dire elephant
 17747 | Lair:6   | Killed a dire elephant
 17980 | Lair:6   | Noticed a dire elephant
 18005 | Lair:6   | Killed a dire elephant
 18028 | Lair:6   | Reached XP level 15. HP: 47/88 MP: 6/20
 18159 | Lair:6   | HP: 3/81 [necromancer/bolt of negative energy (41)]
 18628 | Lair:6   | Noticed enile's ghost (journeyman KoWn)
 18644 | Lair:6   | Killed enile's ghost
 18721 | Lair:4   | Upgraded the game from 0.29-a0-321-gf1c400731a to
                  | 0.29-a0-322-g68df515428
 19207 | Lair:3   | HP: 2/88 [Rupert/+1 battleaxe of electrocution (9)]
 19208 | Lair:3   | Killed Rupert
 19488 | D:10     | Killed Hazorath's ghost
 19661 | D:12     | Found a staircase to the Orcish Mines.
 19874 | D:12     | Noticed Nessos
 19883 | D:12     | Killed Nessos
 20202 | D:13     | Found Kusuntub's General Store.
 20439 | D:13     | HP: 2/88 [redback (11)]
 20838 | D:14     | Found a shimmering altar of Xom.
 20840 | D:14     | Found a shimmering altar of Xom.
 20840 | D:14     | Found a shimmering altar of Xom.
 20840 | D:14     | Found a shimmering altar of Xom.
 20932 | D:14     | Reached skill level 10 in Invocations
 20976 | D:14     | Found a glowing silver altar of Zin.
 20976 | D:14     | Found Zin's Purification Station.
 21072 | D:14     | Found a gate to the Vaults.
 21205 | D:14     | Found a shimmering altar of Xom.
 21206 | D:14     | Found a shimmering altar of Xom.
 21206 | D:14     | Found a shimmering altar of Xom.
 21209 | D:14     | Found a shimmering altar of Xom.
 21334 | D:14     | Noticed Roxanne
 21355 | D:14     | Killed Roxanne
 21356 | D:14     | Reached skill level 15 in Unarmed Combat
 21502 | Orc:1    | Entered Level 1 of the Orcish Mines
 21562 | Orc:1    | Reached XP level 16. HP: 93/93 MP: 25/25
 21722 | Orc:2    | Entered Level 2 of the Orcish Mines
 22365 | Orc:2    | Found a staircase to the Elven Halls.
 22634 | Orc:2    | Reached skill level 16 in Unarmed Combat
 22772 | Orc:2    | Found Zeqifir's Magic Scroll Shoppe.
 22985 | Orc:2    | Found Maaxkianae's Antique Armour Shoppe.
 23192 | Orc:2    | Found Gewkutid's Antique Weapon Shoppe.
 23194 | Orc:2    | Found Cut Cac's Antique Armour Emporium.
 23265 | Orc:2    | Bought the +3 warlock's mirror {reflect} for 880 gold
                  | pieces
 23265 | Orc:2    | Found the +3 warlock's mirror {reflect}
 23591 | D:15     | Entered Level 15 of the Dungeon
 23870 | D:15     | Found a staircase to the Depths.
 24116 | D:15     | Reached skill level 17 in Unarmed Combat
 24313 | Spider:1 | Entered Level 1 of the Spider Nest
 24413 | Spider:1 | Noticed Frances
 24445 | Spider:1 | Killed Frances
 24649 | Spider:1 | Reached skill level 18 in Unarmed Combat
 24774 | Spider:1 | Noticed Mlioglotl
 24790 | Spider:1 | Killed Mlioglotl
 25425 | Spider:2 | Noticed Nikola
 25431 | Spider:2 | Noticed Arachne
 25436 | Spider:2 | Mangled by a ghost moth

Illustrated notes

Levels and vault maps discovered:
D:1:      matt_arrival_grand_opening, layout_loops_ring, basic_ecumenical_altar
D:2:      layout_basic, serial_shops, nicolae_shop_stone, minmay_pentomino_pile,
          uniq_robin, uniq_terence
D:3:      layout_loops_corners, serial_shops, shop
D:4:      layout_basic
D:5:      layout_basic, temple_pool_b, serial_shops,
          nicolae_shop_window_shopping
D:6:      layout_loops_ring, uniq_blork_the_orc
D:7:      layout_cave_pools, lightli_orcish_oven, uniq_menkaure, uniq_joseph,
          uniq_pikel
D:8:      layout_loops_cross
D:9:      layout_gridville, mainiacjoe_overflow_tiny_flanked
D:10:     minmay_recursive_quarters, layout_cave_pods, gammafunk_ghost_split,
          nicolae_trove_entry_path_of_doom, uniq_sonja
D:11:     layout_loops_corners, due_lair_maze_entry_diamond
D:12:     layout_roguey, orc_0_dummy, serial_curves, eino_curves_02,
          eino_curves_01, uniq_nessos
D:13:     layout_cave_pools, serial_shops, nicolae_shop_hallway_stairs,
          drop_trap, grunt_ministairs_15
D:14:     layout_long_grid, lightli_vaults_fourway_checkpoint, xom_redecorated,
          grunt_ministairs_10, zin_purify, uniq_roxanne
D:15:     grunt_enter_depths_magical_seal, layout_rooms
Temple:   dpeg_three_leaves_temple
Lair:1:   layout_regular_city, st_stairs_5, serial_bayou_shore_b
Lair:2:   nzn_winding_woodlands_stair_cross
          [nzn_winding_woodlands_5x15_longhouse,
          nzn_winding_woodlands_center_garden,
          nzn_winding_woodlands_5x15_parted,
          nzn_winding_woodlands_5x5_perimeter,
          nzn_winding_woodlands_5x5_default, nzn_winding_woodlands_5x15_cabin,
          nzn_winding_woodlands_center_triple_pond,
          nzn_winding_woodlands_5x15_pockets], layout_layer_cave,
          elwin_shoals_entry_stream, nicolae_spider_entry_orb_guardian,
          small_statue_intersection
Lair:3:   layout_cave_shapes, chequers_serial_rivers_micro_e,
          serial_bayou_pond_d, cheibrodos_lair_reptile_den, grunt_megastairs_1,
          uniq_nergalle, uniq_rupert
Lair:4:   layout_regular_city, minmay_lair_oklob_bushes, tgw_fedhas
Lair:5:   nzn_motion_control, layout_hall_layers, ebering_ghost_xom,
          chequers_serial_rivers_micro_b, cheibrodos_lair_caveside_slide
Lair:6:   due_jungle_book, layout_regular_city, minmay_slime_entry_pillars,
          ebering_ghost_reflecting_pool, uniq_snorg
Spider:1: layout_spider_delve, hangedman_spider_tarantella_strand, uniq_frances,
          uniq_mlioglotl
Spider:2: layout_cave_pods, dreamdust_wasp_nest, uniq_arachne, uniq_nikola,
          uniq_louise
Orc:1:    layout_diamond_mine, david_defended_altar_orc
Orc:2:    grunt_orc_community_town_hall, layout_caves,
          grunt_orc_community_big_house_1, grunt_orc_community_big_house_2,
          grunt_orc_community_house_3, grunt_orc_community_house_3,
          grunt_orc_community_house_1, grunt_orc_community_house_2,
          grunt_orc_community_house_3, grunt_orc_community_house_2, basic_altar

Skill      XL: |  1  2  3  4  5  6  7  8  9 10 11 12 13 14 15 16 |
---------------+-------------------------------------------------+-----
Unarmed Combat | 3 4 5 8 10 12 14 15 18 | 18.2
Fighting       | 4 5 6 8 10 13 14 | 14.6
Invocations    | 3 5 6 11 | 11.0
Armour         | 4 6 |  6.7
Dodging        | 3 4 |  4.0
Shields        | 5 7 |  7.2
Throwing       | 7 8 |  8.6
Stealth        | |  6.0

Action                   |  1- 3 |  4- 6 |  7- 9 | 10-12 | 13-15 | 16-18 || total
-------------------------+-------+-------+-------+-------+-------+-------++-------
Melee: Unarmed           |    98 |   163 |   365 |   689 |  1132 |   542 ||  2989
       Bite              |    22 |    39 |    89 |   274 |   552 |   214 ||  1190
       Punch             |     4 |     5 |    16 |     7 |       |       ||    32
 Fire: Hunting sling     |       |    31 |       |       |    24 |       ||    55
       Shortbow          |       |       |       |     6 |       |       ||     6
Throw: Javelin           |       |       |       |       |    12 |       ||    12
Invok: Recite            |     2 |       |     7 |    15 |    18 |    10 ||    52
       Vitalisation      |       |       |     3 |     6 |    11 |     6 ||    26
 Abil: Evoke Invisibilit |       |       |     1 |       |       |       ||     1
Evoke: Wand              |       |       |     1 |     1 |       |       ||     2
       Phial of floods   |       |       |       |     1 |       |       ||     1
  Use: Scroll            |     2 |     1 |     2 |    15 |    17 |     3 ||    40
       Potion            |       |     1 |       |       |       |       ||     1
 Stab: Sleeping          |     6 |       |     5 |    10 |     7 |    10 ||    38
       Confused          |     2 |       |     1 |     6 |     6 |     6 ||    21
       Invisible         |       |       |     4 |     1 |     1 |     2 ||     8
       Distracted        |       |       |       |       |     2 |     2 ||     4
       Paralysed         |       |       |       |       |     9 |     8 ||    17
Armor: Scale mail        |    30 |    41 |       |       |       |       ||    71
       Leather armour    |     1 |       |       |       |       |       ||     1
       Ring mail         |       |    41 |   161 |   208 |   101 |       ||   511
       Robe              |       |       |       |       |   364 |   155 ||   519
       Chain mail        |       |       |       |       |       |    14 ||    14
Dodge: Dodged            |    43 |    89 |   189 |   235 |   487 |   201 ||  1244
Block: Other             |       |    25 |    74 |    28 |       |       ||   127
       Buckler           |       |       |       |    62 |       |   241 ||   303
       Reflection        |       |       |       |    12 |     9 |    10 ||    31
       Kite shield       |       |       |       |   372 |  1034 |   172 ||  1578

Table legend: (Time is in decaauts)
 A = Elapsed time spent in this place.
 B = Non-inter-level travel time spent in this place.
 C = Inter-level travel time spent in this place.
 D = Time resting spent in this place.
 E = Time spent auto-exploring this place.
 F = Levels seen in this place.
 G = Mean time per level.
                   A        B        C        D        E       F      G
               +--------+--------+--------+--------+--------+-----+--------+
         Total |  25161 |  22432 |   2729 |   1601 |  14868 |  26 |  967.7 |
       Dungeon |  13528 |  11786 |   1742 |    639 |   8210 |  15 |  901.9 |
        Temple |     92 |     66 |     26 |      0 |     55 |   1 |   92.0 |
          Lair |   8488 |   7800 |    688 |    611 |   5094 |   6 | 1414.7 |
   Spider Nest |   1068 |    948 |    120 |     85 |    493 |   2 |  534.0 |
  Orcish Mines |   1982 |   1831 |    151 |    265 |   1016 |   2 |  991.0 |
               +--------+--------+--------+--------+--------+-----+--------+

Top non-repeatable levels by time:
  Lair:2: 1744 daAuts
  Lair:4: 1554 daAuts
   Orc:2: 1515 daAuts
  Lair:3: 1459 daAuts
  Lair:6: 1348 daAuts
  Lair:1: 1241 daAuts
    D:10: 1240 daAuts
    D:11: 1204 daAuts
     D:2: 1176 daAuts
  Lair:5: 1139 daAuts
     D:9: 1110 daAuts
     D:3: 1040 daAuts
    D:12: 950 daAuts
Spider:1: 947 daAuts
     D:1: 914 daAuts
